 Dungeon Crawl Stone Soup version 0.16.1-16-gc44b35d (webtiles) character file.

10 Mizdow the Skirmisher (level 2, -6/33 HPs)
             Began as an Ogre Berserker on Apr 19, 2015.
             Was a Follower of Trog.
             Mangled by a gnoll
             ... wielding a +0 whip
              (10 damage)
             ... on level 1 of the Dungeon.
             The game lasted 00:01:57 (363 turns).

Mizdow the Skirmisher (Ogre Berserker)               Turns: 363, Time: 00:01:58

Health: -6/33      AC:  3    Str: 21    XL:     2   Next: 20%
Magic:  2/2        EV: 10    Int:  6    God:    Trog [*.....]
Gold:   43         SH:  0    Dex:  9    Spells: 0 memorised, 1 level left

rFire  . . .     SeeInvis .     a - +0 mace
rCold  . . .     Clarity  .     b - +0 animal skin
rNeg   . . .     SustAb   .     (shield restricted)
rPois  .         Gourm    .     (helmet restricted)
rElec  .         Spirit   .     (no cloak)
rCorr  .         Warding  .     (gloves unavailable)
rMut   .         Stasis   .     (boots unavailable)
MR     .....                    (no amulet)
Stlth  +.........               (no ring)
                                (no ring)

@: not resistant to hostile enchantments, very unstealthy
A: unfitting armour, tough skin 1
a: Burn Spellbooks, Berserk, Renounce Religion


You were on level 1 of the Dungeon.
You worshipped Trog.
Trog was aware of your devotion.
You were not hungry.

You visited 1 branch of the dungeon, and saw 1 of its levels.

You collected 43 gold pieces.

Inventory:

Hand weapons
 a - a +0 mace (weapon)
Armour
 b - a +0 animal skin (worn)
Scrolls
 f - a scroll of immolation {unknown}
Potions
 e - a potion of restore abilities {unknown}
Comestibles
 c - 2 meat rations
 d - a beef jerky


   Skills:
 + Level 4.5 Fighting
 + Level 4.4 Maces & Flails
 + Level 1.5 Armour
 + Level 1.7 Dodging


You had one spell level left.
You didn't know any spells.

Dungeon Overview and Level Annotations

Branches:
Dungeon (1/15)

Altars:
Ashenzari


Innate Abilities, Weirdness & Mutations

You are too large for most types of armour.
You have tough skin (AC +1).


Message History

The giant cockroach misses you. The gnoll closely misses you.
The giant cockroach bites you. The goblin hits you but does no damage.
You writhe in agony.
You barely miss the gnoll.
The gnoll is moderately wounded.
The gnoll hits you with a whip. The giant cockroach closely misses you.
The goblin closely misses you.
You hit the gnoll but do no damage.
The gnoll is moderately wounded.
The giant cockroach bites you but does no damage.
The gnoll closely misses you. The goblin closely misses you.
The giant cockroach closely misses you.
You completely miss the gnoll.
The gnoll is lightly wounded.
The gnoll hits you with a whip!
* * * LOW HITPOINT WARNING * * *
The goblin closely misses you.
The giant cockroach bites you but does no damage.
The gnoll hits you with a whip!
You die...

...(....#.........
...
.....#####.......#.
....(#...#.........
####.#...+..._...+
#.....#.......# #
#.(####.......## #
#....#.........# #
###...⌠.##'#s)⌠# #
#####.####...#@## #
#........#...#gg..#
#
#........#...#....#
#
#........##+#..$..+
#.................#
#.......##.#.......
#.......#
.#........
###)......#
#.......
..........# ...


You could see a gnoll, a giant cockroach and a goblin.

Vanquished Creatures
  A ball python (D:1)
  2 hobgoblins (D:1)
  A giant cockroach (D:1)
  A giant newt (D:1)
  5 kobolds (D:1)
  2 rats (D:1)
12 creatures vanquished.

Vanquished Creatures (others)
  A draconian (D:1)
  A gargoyle (D:1)
  A vine stalker (D:1)
  A troll (D:1)
  A formicid (D:1)
  2 spriggans (D:1)
  2 vampires (D:1)
  A naga (D:1)
  A dwarf (D:1)
  A centaur (D:1)
  5 tentacles (D:1)
  41 tentacle segments (D:1)
58 creatures vanquished.

Grand Total: 70 creatures vanquished

Notes
Turn   | Place    | Note
--------------------------------------------------------------
     0 | D:1      | Mizdow, the Ogre Berserker, began the quest for the Orb.
     0 | D:1      | Reached XP level 1. HP: 24/24 MP: 1/1
     0 | D:1      | Noticed a centaur
     0 | D:1      | Noticed a dwarf
     0 | D:1      | Noticed a gargoyle
     0 | D:1      | Noticed a vampire
     0 | D:1      | Noticed a spriggan
     0 | D:1      | Noticed a kraken
     0 | D:1      | Noticed a draconian
     0 | D:1      | Noticed a vampire
     0 | D:1      | Noticed a vine stalker
     0 | D:1      | Noticed a spriggan
     0 | D:1      | Noticed a formicid
     0 | D:1      | Noticed a naga
     0 | D:1      | Noticed a troll
     3 | D:1      | Killed a naga
     6 | D:1      | Killed a troll
     7 | D:1      | Killed a formicid
     9 | D:1      | Killed a draconian
    10 | D:1      | Killed a spriggan
    11 | D:1      | Killed a gargoyle
    11 | D:1      | Killed a vampire
    12 | D:1      | Killed a dwarf
    13 | D:1      | Killed a vampire
    13 | D:1      | Killed a vine stalker
    13 | D:1      | Killed a spriggan
    13 | D:1      | Killed a centaur
   273 | D:1      | Reached XP level 2. HP: 27/33 MP: 2/2
   343 | D:1      | Found a shattered altar of Ashenzari.
   363 | D:1      | Mangled by a gnoll

Action                   || total
-------------------------++-------
Melee: Mace              ||    42
